[Event "Titled Tuesday Blitz February 28 Late 2023"]
[White "Vargas, Mauricio"]
[Black "Quirke, Jeffrey"]
[WhiteFideId "4404572"]
[BlackFideId "2013029"]
[WhiteElo "2025"]
[BlackElo "2192"]
[Result "0-1"]
[Round "06"]
[TimeControl "180+2"]
[Date "2023.02.28"]
[WhiteClock "0:00:04"]
[BlackClock "0:00:28"]

1. e4 g6 2. f4 Bg7 3. Nf3 d5 4. e5 Bg4 5. h3 Bxf3 6. Qxf3 h5 7. Nc3 e6 8. g3 Ne7 9. Bg2 c5 10. Nb5 Nbc6 11. Nd6+ Kf8 12. Nxb7 Qb6 13. Nd6 Nd4 14. Qd1 Nef5 15. Nxf5 Nxf5 16. g4 hxg4 17. hxg4 Rxh1+ 18. Bxh1 Ng3 19. Bf3 c4 20. d4 cxd3 21. Qxd3 Qg1+ 22. Kd2 Qf2+ 23. Be2 Qxf4+ 24. Qe3 Nxe2 25. Kxe2 Qxg4+ 26. Qf3 Qxf3+ 27. Kxf3 Bxe5 28. c3 Ke7 29. Be3 a6 30. Rh1 Rh8 31. Bg5+ Kd7 32. Rd1 Rh5 33. Be3 Kc6 34. Rf1 f5 35. Rg1 Rh2 36. Rxg6 Kd6 37. Rg8 Rxb2 38. a4 Bxc3 39. Ra8 a5 40. Ra6+ Kd7 41. Bf4 e5 42. Bg5 d4 43. Ra7+ Kc6 44. Re7 e4+ 45. Kf4 Rf2+ 46. Ke5 d3+ 47. Ke6 d2 0-1


[Site "https://www.chess.com"]

[Event "Titled Tuesday Blitz February 28 Late 2023"]
[White "Nakamura, Hikaru"]
[Black "Firouzja, Alireza"]
[WhiteFideId "2016192"]
[BlackFideId "12573981"]
[WhiteElo "2879"]
[BlackElo "2904"]
[Result "1/2-1/2"]
[Round "07"]
[TimeControl "180+2"]
[Date "2023.02.28"]
[WhiteClock "0:00:05"]
[BlackClock "0:00:07"]

1. e4 e5 2. Nc3 Nf6 3. Bc4 Bc5 4. d3 c6 5. Bb3 O-O 6. Nf3 d6 7. h3 a5 8. O-O b5 9. a3 Re8 10. Ne2 Nbd7 11. Ng3 Nf8 12. c3 Bb6 13. a4 Be6 14. Bc2 b4 15. d4 bxc3 16. bxc3 Ng6 17. Re1 Bc7 18. Ng5 Bc4 19. Nf5 d5 20. Ne3 Ba6 21. exd5 cxd5 22. dxe5 Bxe5 23. Ra3 Rc8 24. Bd2 Ne4 25. Nxe4 dxe4 26. c4 Bxc4 27. Nxc4 Rxc4 28. Rxe4 Rxe4 29. Bxe4 Bh2+ 30. Kxh2 Qd6+ 31. Rg3 Rxe4 32. Qc2 Rd4 33. Qc8+ Qf8 34. Qxf8+ Kxf8 35. Bxa5 1/2-1/2


[Site "https://www.chess.com"]

[Event "Titled Tuesday Blitz February 28 Late 2023"]
[White "Carlsen, Magnus"]
[Black "Yu, Yangyi"]
[WhiteFideId "1503014"]
[BlackFideId "8603820"]
[WhiteElo "2852"]
[BlackElo "2783"]
[Result "1-0"]
[Round "07"]
[TimeControl "180+2"]
[Date "2023.02.28"]
[WhiteClock "0:00:46"]
[BlackClock "0:00:14"]

1. e4 e5 2. Nf3 Nf6 3. Nxe5 d6 4. Nf3 Nxe4 5. d4 d5 6. Bd3 Nc6 7. O-O Be7 8. c4 Nb4 9. Be2 O-O 10. a3 Nc6 11. cxd5 Qxd5 12. Nc3 Nxc3 13. bxc3 Na5 14. Re1 Bf5 15. c4 Qd8 16. Bd2 c5 17. d5 Bf6 18. Ra2 Re8 19. Bf1 Rxe1 20. Nxe1 b5 21. Qf3 Bb1 22. d6 Rb8 23. Bxa5 Qxa5 24. Re2 bxc4 25. d7 Rf8 26. Re8 c3 27. Qd5 Bg6 28. Qd6 1-0


[Site "https://www.chess.com"]

[Event "Titled Tuesday Blitz February 28 Late 2023"]
[White "Andreikin, Dmitry"]
[Black "Vachier-Lagrave, Maxime"]
[WhiteFideId "4158814"]
[BlackFideId "623539"]
[WhiteElo "2736"]
[BlackElo "2740"]
[Result "1-0"]
[Round "07"]
[TimeControl "180+2"]
[Date "2023.02.28"]
[WhiteClock "0:00:04"]
[BlackClock "0:00:02"]

1. Nf3 d5 2. d4 e6 3. c4 dxc4 4. e3 Nf6 5. Bxc4 a6 6. O-O c5 7. Qe2 b5 8. Bb3 Bb7 9. Rd1 Nbd7 10. a4 c4 11. Bc2 Be7 12. e4 O-O 13. Bf4 Re8 14. Nbd2 Nf8 15. Ne5 Qb6 16. Ndf3 Ng6 17. Nxg6 hxg6 18. h4 Rac8 19. axb5 axb5 20. Bg5 b4 21. Ba4 Red8 22. d5 exd5 23. e5 d4 24. exf6 Bxf6 25. Bxf6 Qxf6 26. Qe5 Bxf3 27. Qxf6 gxf6 28. gxf3 d3 29. Rac1 Rd4 30. Bb5 Rc5 31. Ba6 Rxh4 32. f4 Rch5 33. Bb7 Rxf4 34. b3 Rg5+ 35. Kf1 Rfg4 36. f3 Rg1+ 37. Kf2 R5g2+ 38. Ke3 Rxd1 39. Rxd1 cxb3 40. Rxd3 b2 41. Rb3 f5 42. Rxb4 Kg7 43. Ba6 g5 44. Be2 f4+ 45. Kd3 f5 46. Rxb2 g4 47. Rb4 gxf3 48. Bxf3 Ra2 49. Rxf4 Kf6 50. Rb4 Kg5 51. Ke3 Ra3+ 52. Kf2 Ra2+ 53. Kg3 Ra3 54. Kf2 Ra2+ 55. Be2 Ra3 56. Rb5 Rc3 57. Ke1 Ra3 58. Bd1 Re3+ 59. Kd2 Re8 60. Bc2 Rf8 61. Bd3 Rf7 62. Ke3 Rf8 63. Kf3 Rf7 64. Rb6 Rd7 65. Rb3 Rh7 66. Bf1 Rc7 67. Rd3 Rc5 68. Kf2 Ra5 69. Be2 Kf4 70. Rd4+ Kg5 71. Bd3 Rc5 72. Kf3 Ra5 73. Rd8 Rc5 74. Rg8+ Kf6 75. Kf4 Ra5 76. Rf8+ Ke7 77. Rb8 Ra4+ 78. Kxf5 Ra5+ 79. Bb5 Kd6 80. Rb7 Kc5 81. Be8 Kd4+ 82. Ke6 Re5+ 83. Kf7 Rf5+ 84. Kg6 Rd5 85. Bf7 Rc5 86. Kf6 Rc6+ 87. Be6 Rc5 88. Rd7+ Kc3 89. Bd5 Kd4 90. Ke6 Kc3 91. Ke5 Ra5 92. Rb7 Rc5 93. Rb3+ Kc2 94. Ra3 Rc3 95. Ra2+ Kd3 96. Rh2 Ke3 97. Rg2 Kd3 98. Be4+ Ke3 99. Ra2 Rc5+ 100. Bd5 Rc3 101. Ra1 Kd3 102. Re1 Kd2 103. Rh1 Ke3 104. Rh2 Kd3 105. Be4+ Ke3 106. Rh4 Rc5+ 107. Bd5 Rc3 108. Rg4 Kd3 109. Rd4+ Ke3 110. Bc4 Ra3 111. Re4+ Kd2 112. Kd4 Rg3 113. Re2+ Kd1 114. Rh2 Ke1 115. Bd3 Rg7 116. Re2+ Kd1 117. Bc4 Rg3 118. Rh2 Ra3 119. Bd3 Kc1 120. Ke3 Rc3 121. Ra2 Rc7 122. Kd4 Rc8 123. Bc4 Kb1 124. Rf2 Re8 125. Kc3 Re1 126. Bd3+ Kc1 127. Ra2 Re3 128. Ra1# 1-0


[Site "https://www.chess.com"]

[Event "Titled Tuesday Blitz February 28 Late 2023"]
[White "Caruana, Fabiano"]
[Black "Keymer, Vincent"]
[WhiteFideId "2020009"]
[BlackFideId "12940690"]
[WhiteElo "2818"]
[BlackElo "2651"]
[Result "1/2-1/2"]
[Round "07"]
[TimeControl "180+2"]
[Date "2023.02.28"]
[WhiteClock "0:00:04"]
[BlackClock "0:00:04"]

1. e3 Nf6 2. Nf3 d5 3. b3 Bg4 4. Bb2 e6 5. h3 Bxf3 6. Qxf3 a5 7. a3 a4 8. b4 c5 9. bxc5 Bxc5 10. Bb5+ Nc6 11. O-O O-O 12. Nc3 Qb6 13. Rfb1 d4 14. Bxa4 dxc3 15. Bxc3 Qa7 16. Bxc6 bxc6 17. Bxf6 gxf6 18. Qxf6 Qe7 19. Qf3 Rfc8 20. a4 Qc7 21. Rb3 Bf8 22. Rab1 Ra7 23. Rb6 Qd7 24. Qg4+ Bg7 25. d3 h6 26. R1b4 c5 27. R4b5 c4 28. d4 Rxa4 29. g3 Ra7 30. Qf3 c3 31. Kg2 Rac7 32. Qe4 Rc6 33. Rb7 R6c7 34. R7b6 Qe7 35. h4 Kh8 36. Rb7 Kg8 37. R7b6 Qd8 38. Qf3 Rd7 39. Rb3 Rd5 40. Rb7 Rf5 41. Qe4 Qd5 42. Qxd5 Rxd5 43. Rb8 Rdd8 44. Rxc8 Rxc8 45. Kf3 Bf6 46. Ke4 Kf8 47. Kd3 Bd8 48. Rxc3 Rb8 49. Ke2 Ke7 50. Rc5 Rb2 51. Kf3 Bb6 52. Rc4 f5 53. Rc8 Kd7 54. Rc4 Kd6 55. g4 fxg4+ 56. Kxg4 e5 57. dxe5+ Kxe5 58. Kh5 Kd5 59. Rc8 Rb1 60. Kxh6 Rf1 61. c4+ Kd6 62. Kg6 Rxf2 63. e4 Be3 64. h5 Ke5 65. Re8+ Kd4 66. e5 Kxc4 67. e6 Kd5 68. e7 Ke6 69. Kh7 Rh2 70. Kg6 Rg2+ 71. Kh7 Kf7 72. Ra8 Kxe7 73. Ra4 Ke6 74. Re4+ Kf6 75. Rxe3 Kf7 76. Rf3+ Ke7 77. h6 Rg1 78. Rf4 Rg2 79. Rf5 Rg1 80. Ra5 Rg2 81. Kh8 Kf7 82. Ra7+ Kf6 83. Rg7 Rh2 84. Kh7 Rh1 85. Rg8 Kf7 86. Rg3 Rh2 87. Rg4 Rf2 88. Rg5 Rf1 89. Rg7+ Kf8 90. Rg6 Kf7 91. Rg8 Rf2 92. Rg3 Rf1 93. Kh8 Rh1 94. Kh7 Rf1 95. Ra3 Rg1 96. Ra7+ Kf6 97. Rg7 Rh1 98. Rg2 Rf1 99. Kg8 Ra1 100. Rg3 Ra8+ 101. Kh7 Ra7+ 102. Rg7 Ra8 103. Rb7 Ra6 104. Rb8 Ra7+ 105. Kg8 Kg6 106. Rb6+ Kg5 107. Rc6 Ra8+ 108. Kf7 Ra7+ 109. Ke8 Ra8+ 110. Kd7 Rh8 111. Kc7 Rh7+ 112. Kb6 Rxh6 113. Rxh6 Kxh6 1/2-1/2


[Site "https://www.chess.com"]

[Event "Titled Tuesday Blitz February 28 Late 2023"]
[White "Swiercz, Dariusz"]
[Black "Martinez Alcantara, Jose Eduardo"]
[WhiteFideId "1126881"]
[BlackFideId "3805662"]
[WhiteElo "2627"]
[BlackElo "2712"]
[Result "1-0"]
[Round "07"]
[TimeControl "180+2"]
[Date "2023.02.28"]
[WhiteClock "0:00:06"]
[BlackClock "0:00:04"]

1. d4 Nf6 2. c4 e6 3. Nc3 Bb4 4. e3 O-O 5. Bd2 d5 6. Nf3 a6 7. a3 Be7 8. c5 Ne4 9. Nxe4 dxe4 10. Ne5 Nd7 11. Nxd7 Bxd7 12. Bc4 Bb5 13. Qb3 Qd7 14. O-O Bc6 15. Bc3 b5 16. cxb6 cxb6 17. Rfc1 b5 18. Be2 Bd5 19. Qd1 a5 20. Qd2 Bd8 21. Qe1 f5 22. Bd2 Bb6 23. Qf1 Bc6 24. Rc2 Rfc8 25. Rac1 h6 26. Bxb5 Bxb5 27. Rxc8+ Rxc8 28. Rxc8+ Qxc8 29. Qxb5 Qc2 30. Bc3 Qd1+ 31. Qf1 Qb3 32. h3 Bc7 33. Qc1 Kh7 34. g3 Qd5 35. Bd2 Qb7 36. b4 axb4 37. Bxb4 Bd8 38. Qc4 Qd7 39. Bc5 g5 40. a4 Kg6 41. Qb5 Qf7 42. Bd6 f4 43. exf4 Bf6 44. Be5 gxf4 45. Qe2 Bxe5 46. Qxe4+ Kg7 47. Qxe5+ Kg8 48. Qxf4 Qd7 49. Qe5 Qxa4 50. Qxe6+ Kh7 51. Qe5 Qd1+ 52. Kg2 Qb1 53. Qe3 Qb5 54. Qf3 Qc4 55. Qe4+ Kg7 56. h4 h5 57. Qe5+ Kh6 58. Qg5+ Kh7 59. Qxh5+ Kg7 60. Qg4+ Kh7 61. Qe4+ Kh8 62. Qe5+ Kh7 63. d5 Qd3 64. d6 Qd1 65. Qe7+ Kh6 66. Qe6+ Kh5 67. Qf5+ Kh6 68. d7 Qd3 69. Qe6+ Kh5 70. Qe8+ Kg4 71. Qe6+ Kh5 72. Qe8+ Kg4 73. Qg8+ Kf5 74. Qh7+ Kg4 75. Qxd3 Kh5 76. Qh7+ Kg4 77. Qg6# 1-0


[Site "https://www.chess.com"]

[Event "Titled Tuesday Blitz February 28 Late 2023"]
[White "Rasulov, Vugar"]
[Black "Grischuk, Alexander"]
[WhiteFideId "13402390"]
[BlackFideId "4126025"]
[WhiteElo "2509"]
[BlackElo "2727"]
[Result "1-0"]
[Round "07"]
[TimeControl "180+2"]
[Date "2023.02.28"]
[WhiteClock "0:00:03"]
[BlackClock "0:00:01"]

1. d4 e6 2. c4 b6 3. Nf3 Bb7 4. Nc3 Bb4 5. g3 Bxc3+ 6. bxc3 Nf6 7. Bg2 O-O 8. O-O d6 9. a4 Nc6 10. Nd2 Na5 11. Bxb7 Nxb7 12. Nb3 a5 13. Ba3 Re8 14. c5 bxc5 15. dxc5 Qd7 16. cxd6 cxd6 17. Nd4 Rac8 18. Qb3 e5 19. Nb5 d5 20. Rfd1 Nc5 21. Qc2 h5 22. c4 Qh3 23. f3 h4 24. gxh4 Ne6 25. Nd6 d4 26. Kh1 Nf4 27. Rg1 d3 28. exd3 Qxf3+ 29. Rg2 Ng4 30. Nxe8 Rxe8 31. Bc5 e4 32. dxe4 Rxe4 33. Rg1 Re2 34. Qf5 Rxg2 35. Qc8+ Kh7 36. Qf5+ Ng6 37. Qxf3 1-0


[Site "https://www.chess.com"]

[Event "Titled Tuesday Blitz February 28 Late 2023"]
[White "Indjic, Aleksandar"]
[Black "Bluebaum, Matthias"]
[WhiteFideId "911925"]
[BlackFideId "24651516"]
[WhiteElo "2625"]
[BlackElo "2638"]
[Result "1-0"]
[Round "07"]
[TimeControl "180+2"]
[Date "2023.02.28"]
[WhiteClock "0:02:41"]
[BlackClock "0:00:02"]

1. d4 d5 2. c4 e6 3. Nf3 Nf6 4. Nc3 Bb4 5. Bg5 h6 6. Bxf6 Qxf6 7. e3 c5 8. a3 Bxc3+ 9. bxc3 O-O 10. h4 cxd4 11. cxd4 dxc4 12. g4 b5 13. g5 Qf5 14. Bh3 Qe4 15. gxh6 Bb7 16. Bg2 gxh6 17. Rg1 Kh8 18. Ne5 Qxg2 19. Rxg2 Bxg2 20. Qh5 Be4 21. Qxh6+ Kg8 22. O-O-O Nd7 23. Rg1+ Bg6 24. Nxd7 Rfd8 25. Nf6# 1-0


[Site "https://www.chess.com"]

[Event "Titled Tuesday Blitz February 28 Late 2023"]
[White "Matlakov, Maxim"]
[Black "Dardha, Daniel"]
[WhiteFideId "4168003"]
[BlackFideId "240990"]
[WhiteElo "2666"]
[BlackElo "2581"]
[Result "1-0"]
[Round "07"]
[TimeControl "180+2"]
[Date "2023.02.28"]
[WhiteClock "0:00:05"]
[BlackClock "0:00:02"]

1. e4 c5 2. Nf3 d6 3. Bb5+ Bd7 4. Bxd7+ Nxd7 5. c3 Ngf6 6. Qe2 e6 7. d4 Be7 8. e5 Nd5 9. c4 N5b6 10. exd6 Bxd6 11. d5 e5 12. Nc3 O-O 13. Ne4 Nc8 14. g4 Bc7 15. Bg5 f6 16. Be3 Nd6 17. Nfd2 Nxe4 18. Nxe4 Ba5+ 19. Kf1 Bb6 20. Qf3 Rf7 21. h4 Qe7 22. h5 Raf8 23. Qf5 Kh8 24. Ke2 Bc7 25. Rad1 Bd6 26. Qe6 Bb8 27. Qxe7 Rxe7 28. Nxc5 Rc8 29. Nxd7 Rxd7 30. c5 Kg8 31. b4 a6 32. a4 Ba7 33. a5 Kf7 34. Kf3 Rcd8 35. Ke4 Bb8 36. f3 Kg8 37. d6 Kf7 38. f4 Ke6 39. f5+ Kf7 40. Rd5 h6 41. Rhd1 Rc8 42. Kd3 Rc6 43. Kc4 Ke8 44. Kb3 Rd8 45. Ka4 Kd7 46. R5d2 Ba7 47. Rc2 Ra8 48. Kb3 Rh8 49. Kc4 Ra8 50. Kd5 Rac8 51. Rb2 Kd8 52. Ke6 Ke8 53. Rc1 Rd8 54. b5 axb5 55. Rxb5 Bb8 56. Kd5 Rd7 57. Rxb7 Rcxd6+ 58. cxd6 Rxb7 59. Ke6 Kd8 60. Bb6+ 1-0


[Site "https://www.chess.com"]

[Event "Titled Tuesday Blitz February 28 Late 2023"]
[White "Livaic, Leon"]
[Black "Pranav, V"]
[WhiteFideId "14531534"]
[BlackFideId "25060783"]
[WhiteElo "2509"]
[BlackElo "2500"]
[Result "0-1"]
[Round "07"]
[TimeControl "180+2"]
[Date "2023.02.28"]
[WhiteClock "0:01:11"]
[BlackClock "0:01:45"]

1. d4 Nf6 2. c4 e6 3. Nf3 Bb4+ 4. Nc3 b6 5. e3 Bb7 6. Bd3 O-O 7. O-O Bxc3 8. bxc3 d6 9. Qc2 Nbd7 10. e4 e5 11. a4 Re8 12. Re1 a5 13. Bg5 h6 14. Bd2 Nf8 15. h3 Ng6 16. g3 Qd7 17. Kh2 Re7 18. d5 Bc8 19. Ng1 Re8 20. f3 Rf8 21. g4 Qe7 22. Ne2 Nd7 23. Be3 Nh4 24. Rf1 Nc5 25. Bxc5 bxc5 26. Rab1 g6 27. Rf2 Kg7 28. Rbf1 Bd7 29. Kg3 f5 30. Kh2 fxg4 31. fxg4 Rxf2+ 32. Rxf2 Rf8 33. Ng1 Rxf2+ 34. Qxf2 Bxa4 35. Qa2 Qf7 36. Kg3 Qf4+ 37. Kxh4 g5+ 38. Kh5 Be8# 0-1


[Site "https://www.chess.com"]

[Event "Titled Tuesday Blitz February 28 Late 2023"]
[White "Kravtsiv, Martyn"]
[Black "Bortnyk, Olexandr"]
[WhiteFideId "14113147"]
[BlackFideId "14120828"]
[WhiteElo "2695"]
[BlackElo "2734"]
[Result "0-1"]
[Round "07"]
[TimeControl "180+2"]
[Date "2023.02.28"]
[WhiteClock "0:00:09"]
[BlackClock "0:00:15"]

1. e4 Nf6 2. Nc3 d5 3. exd5 Nxd5 4. Nf3 Nxc3 5. bxc3 g6 6. h4 h5 7. Bc4 Bg7 8. Ng5 O-O 9. Qf3 Bf5 10. Qxb7 Nd7 11. Ba3 Ne5 12. Bb3 Rb8 13. Qxa7 Ra8 14. Qc5 Nd7 15. Qb4 c5 16. Qc4 Rxa3 17. Nxf7 Rxf7 18. Qxf7+ Kh7 19. Qd5 Qc7 20. O-O Nb6 21. Qg8+ Kh6 22. Rae1 c4 23. Qf7 Ra7 24. d4 cxb3 25. cxb3 Qxc3 26. Rxe7 Rxe7 27. Qxe7 Nd5 28. Qg5+ Kh7 29. g3 Bxd4 30. Qd8 Qxg3+ 0-1


[Site "https://www.chess.com"]

[Event "Titled Tuesday Blitz February 28 Late 2023"]
[White "Svane, Rasmus"]
[Black "Madaminov, Mukhiddin"]
[WhiteFideId "4657101"]
[BlackFideId "14210703"]
[WhiteElo "2597"]
[BlackElo "2511"]
[Result "1/2-1/2"]
[Round "07"]
[TimeControl "180+2"]
[Date "2023.02.28"]
[WhiteClock "0:00:09"]
[BlackClock "0:00:11"]

1. Nf3 Nf6 2. g3 g6 3. Bg2 Bg7 4. O-O O-O 5. d4 d5 6. c4 dxc4 7. Na3 c5 8. dxc5 c3 9. Nb5 Na6 10. Nxc3 Nxc5 11. Be3 Nfe4 12. Nxe4 Nxe4 13. Bd4 Bxd4 14. Qxd4 Qxd4 15. Nxd4 Nd6 16. Rfc1 Rd8 17. f4 Bd7 18. Rc7 Rac8 19. Rac1 Kf8 20. Kf2 Ke8 21. e4 e5 22. fxe5 Rxc7 23. Rxc7 Nb5 24. Nxb5 Bxb5 25. Ke1 Bc6 26. Ke2 Bb5+ 27. Ke1 Rd7 28. Rxd7 Kxd7 29. Bh3+ Ke7 30. Kd2 h6 31. Kc3 Be2 32. Kd4 Ba6 33. Kc5 Bd3 34. Kd5 Bb5 35. Bg4 Bc6+ 36. Kd4 Bb5 37. Bd1 Ba6 38. Bb3 Bb5 39. Kc5 Bd7 40. Bd5 b6+ 41. Kd4 Be8 42. Bc4 Bc6 43. Bd5 Bd7 44. Kc3 Be8 45. Kb4 Bd7 46. Kc3 Be8 47. Bc4 Bc6 48. Kd4 Bd7 49. Bb3 Bc6 50. h4 Bd7 51. Bc4 Bc8 52. Bd5 Bd7 53. Bb7 Bb5 54. Kd5 Bd7 55. a3 Ba4 56. Ba6 Kd7 57. Bc4 Bc6+ 58. Kd4 Ke7 59. Bb3 Bd7 60. Ba2 Bc6 61. Bd5 Be8 62. Bb3 Bd7 63. Bc2 Bc6 64. Bd3 Be8 65. Kd5 Bd7 66. Be2 Ba4 67. b4 Kd7 68. e6+ fxe6+ 69. Ke5 Ke7 70. Bc4 Bd7 71. Bb3 g5 72. Bc4 Bc8 73. Bb5 Bb7 74. Ba4 Ba6 75. Bb3 Bc8 76. Ba2 Bd7 77. Bc4 Bc8 78. Kd4 Kd6 79. e5+ Ke7 80. Be2 Bb7 81. Bd3 Bd5 82. Bc2 Kd7 83. Ba4+ Kc7 84. Be8 Kd8 85. Bg6 Kc7 86. Be4 Ba2 87. hxg5 hxg5 88. Ke3 Bb3 89. Bg2 Bd1 90. Bf3 Bc2 91. Be2 Kd7 92. Kf3 Bf5 93. Bb5+ Ke7 94. Bc6 Bc2 95. Be4 Bd1+ 96. Ke3 Bh5 97. Kd4 Be8 98. Bd3 Bd7 99. Ke3 Be8 100. Kf3 Bh5+ 101. Kf2 Be8 102. Ke3 Bc6 103. Bc2 Be8 104. a4 Bc6 105. Bd1 Be8 106. Ke4 Bc6+ 107. Kd4 Be8 108. Bb3 Bd7 109. Ke3 Be8 110. Bc2 Bh5 111. a5 Be8 112. Kf3 Bh5+ 113. Kf2 Be8 114. Ke3 Bc6 115. Kd4 Be8 116. Be4 Bb5 117. Bd3 Be8 118. Kc4 Bc6 119. Bc2 Be8 120. Bd1 Bd7 121. Kd4 Be8 122. Ke3 Bc6 123. axb6 axb6 124. Bf3 Be8 125. Be4 Bh5 126. Kd4 Be2 127. Bc6 Bf1 128. Ke3 Bh3 129. Kd3 Bf1+ 130. Kd4 Be2 131. Be4 Bh5 132. Kc4 Be8 133. Bb7 Bd7 134. Bf3 Be8 135. Be2 Ba4 136. Bd3 Bc6 137. Kd4 Bd7 138. Ke3 Be8 139. Bc2 Bh5 140. Kd4 Be8 141. Be4 Bd7 142. Bg6 Bc6 143. Ke3 Kf8 144. Kf2 Ke7 145. Ke2 Kf8 146. Ke3 Ke7 147. Be4 Be8 148. Bf3 Bg6 149. Bg4 Be8 150. Kd4 Bc6 151. Be2 Be8 152. Ke4 Bc6+ 153. Ke3 Be8 154. Bf1 Bc6 155. Bd3 Be8 156. Kf3 Bh5+ 157. Ke4 Be8 158. Kd4 Bc6 159. Be4 Be8 160. Bb7 Bb5 161. Bf3 Bd7 162. Kc4 Be8 163. Be4 Bd7 164. Kd4 1/2-1/2


[Site "https://www.chess.com"]

[Event "Titled Tuesday Blitz February 28 Late 2023"]
[White "Bortnyk, Mykola"]
[Black "Fier, Alexandr"]
[WhiteFideId "14120836"]
[BlackFideId "2107139"]
[WhiteElo "2582"]
[BlackElo "2610"]
[Result "1-0"]
[Round "07"]
[TimeControl "180+2"]
[Date "2023.02.28"]
[WhiteClock "0:00:06"]
[BlackClock "0:00:16"]

1. e4 c6 2. d4 d5 3. Nc3 dxe4 4. Nxe4 Bf5 5. Ng3 Bg6 6. Nh3 Nf6 7. Nf4 e5 8. Nxg6 hxg6 9. dxe5 Qa5+ 10. Bd2 Qxe5+ 11. Qe2 Nbd7 12. O-O-O Qxe2 13. Bxe2 O-O-O 14. h3 Bc5 15. Rhf1 Nb6 16. Bf3 Nbd5 17. c4 Nb4 18. a3 Nd3+ 19. Kc2 Ne5 20. Be2 Rh4 21. b4 Be7 22. Bg5 Rhd4 23. Rxd4 Rxd4 24. Be3 Rd8 25. Bxa7 c5 26. bxc5 Nc6 27. Bb6 Nd4+ 28. Kb2 Re8 29. Bd1 Nd7 30. Ba4 Nc6 31. Ne4 f5 32. Nc3 Bxc5 33. Bxc5 Nxc5 34. Bb5 Re5 35. Rd1 Ne4 36. f3 Nc5 37. Rd5 Rxd5 38. Nxd5 Nd3+ 39. Kc3 Ne1 40. Bxc6 bxc6 41. Nf4 g5 42. Kd2 Nxf3+ 43. gxf3 gxf4 44. c5 Kb7 45. h4 Ka6 46. Kd3 Kb5 47. Kd4 g6 48. Ke5 Kxc5 49. Kf6 Kb5 50. Kxg6 c5 51. h5 c4 52. h6 c3 53. h7 c2 54. h8=Q c1=Q 55. Qb8+ Ka6 56. Qa8+ Kb6 57. Qd8+ Ka6 58. Qd6+ Kb7 59. Qd7+ Ka6 60. Qd6+ Kb7 61. Qd5+ Ka6 62. Kxf5 Qe3 63. a4 Ka7 64. Qe4 Qb3 65. Qe7+ Ka8 66. Qe4+ Ka7 67. Kxf4 Qf7+ 68. Qf5 Qc4+ 69. Kg5 Qxa4 70. f4 Qa2 71. Qd7+ Ka6 72. f5 Qg2+ 73. Kf6 Qb2+ 74. Kf7 Qc2 75. Qe6+ Ka7 76. Kg7 Qg2+ 77. Qg6 Qb2+ 78. f6 Ka6 79. Qd3+ Ka5 80. Qd5+ Ka4 81. Qa8+ Kb3 82. Qb7+ Kc3 83. Qxb2+ Kxb2 84. f7 1-0


[Site "https://www.chess.com"]

[Event "Titled Tuesday Blitz February 28 Late 2023"]
[White "Fus, Jakub"]
[Black "Kamsky, Gata"]
[WhiteFideId "1193023"]
[BlackFideId "2000024"]
[WhiteElo "2335"]
[BlackElo "2666"]
[Result "0-1"]
[Round "07"]
[TimeControl "180+2"]
[Date "2023.02.28"]
[WhiteClock "0:00:18"]
[BlackClock "0:01:20"]

1. e4 e5 2. Nf3 Nc6 3. Bb5 a6 4. Ba4 Nf6 5. d3 d6 6. c4 g6 7. Nc3 Bg7 8. h3 O-O 9. Be3 Nd7 10. O-O Nd4 11. Bd2 Ne6 12. Be3 Ndc5 13. Bc2 Nd4 14. Bd2 Nxc2 15. Qxc2 f5 16. Bg5 Qe8 17. Nd5 Rf7 18. Be3 Ne6 19. exf5 gxf5 20. Rfe1 Qd8 21. Qc1 f4 22. Bd2 c6 23. Nc3 Nc5 24. Qc2 Bf5 25. Ne4 Ne6 26. c5 Bxe4 27. dxe4 dxc5 28. Bc3 Nd4 29. Bxd4 cxd4 30. Rec1 Bf6 31. Ne1 Rg7 32. Qe2 Kh8 33. Qf3 Qd6 34. Kh2 Rag8 35. a3 a5 36. Rc2 a4 37. Rac1 Bd8 38. Qd3 Ba5 39. f3 Qg6 40. Qf1 Qg3+ 41. Kh1 Bxe1 42. Rxe1 Qh4 43. Qf2 Rg3 44. Rf1 Rxh3+ 45. gxh3 Qxh3+ 46. Qh2 Qxf1+ 47. Qg1 Qxg1# 0-1


[Site "https://www.chess.com"]

[Event "Titled Tuesday Blitz February 28 Late 2023"]
[White "Pakleza, Zbigniew"]
[Black "Duda, Jan-Krzysztof"]
[WhiteFideId "1119290"]
[BlackFideId "1170546"]
[WhiteElo "2410"]
[BlackElo "2790"]
[Result "0-1"]
[Round "07"]
[TimeControl "180+2"]
[Date "2023.02.28"]
[WhiteClock "0:00:04"]
[BlackClock "0:00:51"]

1. d4 d6 2. Nf3 Nd7 3. Bf4 g6 4. e3 Bg7 5. h3 e5 6. Bh2 Nh6 7. Be2 O-O 8. O-O Kh8 9. c4 f5 10. Nc3 Nf7 11. Rc1 a5 12. c5 e4 13. Nd2 dxc5 14. dxc5 Nde5 15. Nc4 Nxc4 16. Bxc4 Ne5 17. Be2 c6 18. Qd6 Qxd6 19. cxd6 Be6 20. Rfd1 Nd7 21. b3 b5 22. Rd2 Rfb8 23. Bf1 Rb6 24. Ne2 a4 25. b4 a3 26. Nd4 Bxd4 27. exd4 g5 28. Be5+ Kg8 29. Rdc2 Bd5 30. Rc3 Rba6 31. R3c2 Kf7 32. Be2 Nxe5 33. dxe5 Ke6 34. Rc5 Bxa2 35. Rxc6 Rxc6 36. Rxc6 Bc4 37. d7+ Kxd7 38. Rd6+ Ke7 39. Bxc4 bxc4 40. Rd1 c3 0-1


[Site "https://www.chess.com"]

[Event "Titled Tuesday Blitz February 28 Late 2023"]
[White "Paravyan, David"]
[Black "Norowitz, Yaacov"]
[WhiteFideId "4194985"]
[BlackFideId "2024799"]
[WhiteElo "2577"]
[BlackElo "2401"]
[Result "1-0"]
[Round "07"]
[TimeControl "180+2"]
[Date "2023.02.28"]
[WhiteClock "0:00:04"]
[BlackClock "0:00:01"]

1. d4 Nf6 2. c4 e5 3. dxe5 Ne4 4. a3 d6 5. Nf3 Nc6 6. Qd3 Nc5 7. Qe3 dxe5 8. b4 Ne6 9. Bb2 Ncd4 10. Nxd4 exd4 11. Qb3 c5 12. g3 Qb6 13. Bg2 Be7 14. O-O O-O 15. Nd2 cxb4 16. axb4 Bxb4 17. Ne4 a5 18. Ba3 Bd7 19. Rfb1 Bc6 20. c5 Qb5 21. Qc2 h6 22. Rc1 Rfd8 23. Nd6 Qxc5 24. Qxc5 Bxc5 25. Nxb7 Bxb7 26. Bxb7 Bxa3 27. Rxa3 Ra7 28. Be4 g6 29. Bd3 a4 30. Rc4 1-0


[Site "https://www.chess.com"]

[Event "Titled Tuesday Blitz February 28 Late 2023"]
[White "Baskakov, Egor"]
[Black "Fedoseev, Vladimir"]
[WhiteFideId "24197866"]
[BlackFideId "24130737"]
[WhiteElo "2212"]
[BlackElo "2752"]
[Result "1-0"]
[Round "07"]
[TimeControl "180+2"]
[Date "2023.02.28"]
[WhiteClock "0:00:13"]
[BlackClock "0:00:09"]

1. e4 c5 2. Nf3 d6 3. d4 cxd4 4. Nxd4 Nf6 5. Nc3 a6 6. a4 g6 7. g3 Bg7 8. Bg2 O-O 9. h3 e5 10. Nde2 Be6 11. O-O Qc7 12. Be3 Nc6 13. Nd5 Bxd5 14. exd5 Ne7 15. b3 b5 16. axb5 axb5 17. Qd3 b4 18. Qd2 Qb7 19. Rxa8 Rxa8 20. Rd1 Nf5 21. Bg5 h6 22. Bxf6 Bxf6 23. h4 h5 24. Be4 Ne7 25. Kg2 Bg7 26. Kh2 f5 27. Bg2 Ra2 28. Nc1 Ra5 29. Nd3 Rb5 30. Qg5 Kf7 31. Nb2 Bf6 32. Qe3 e4 33. Nc4 Qc7 34. Qf4 Be5 35. Nxe5+ dxe5 36. Qh6 Rxd5 37. Qh7+ Kf6 38. Qh8+ Ke6 39. Ra1 Ra5 40. Rd1 Rd5 41. Ra1 Qxc2 42. Ra6+ Rd6 43. Ra5 Qb2 44. Qg7 Qd4 45. Kh3 Rc6 46. Bf1 Qxf2 47. Rxe5+ Kd7 48. Rxe7+ Kd6 49. Qe5# 1-0


[Site "https://www.chess.com"]

[Event "Titled Tuesday Blitz February 28 Late 2023"]
[White "Vasquez Schroeder, Rodrigo"]
[Black "Deac, Bogdan-Daniel"]
[WhiteFideId "3400042"]
[BlackFideId "1226380"]
[WhiteElo "2600"]
[BlackElo "2649"]
[Result "1-0"]
[Round "07"]
[TimeControl "180+2"]
[Date "2023.02.28"]
[WhiteClock "0:00:28"]
[BlackClock "0:00:01"]

1. d4 Nf6 2. Nf3 d5 3. c4 e6 4. Nc3 a6 5. cxd5 exd5 6. Bg5 Be6 7. e3 Nbd7 8. Bd3 h6 9. Bh4 Bd6 10. O-O c6 11. Qc2 O-O 12. a3 Qb8 13. Bg3 Bxg3 14. hxg3 Re8 15. b4 Qd6 16. Na4 Bg4 17. Nd2 h5 18. Nc5 Rab8 19. Rac1 Nf8 20. Rfe1 Re7 21. Nf3 N6d7 22. Bf5 g6 23. Bd3 Qf6 24. Nh2 Be6 25. Rcd1 Nh7 26. e4 dxe4 27. Nxe4 Qg7 28. Nc5 Nxc5 29. dxc5 Rbe8 30. Nf1 Qf6 31. Ne3 h4 32. gxh4 Qxh4 33. Bf1 Nf6 34. g3 Qh5 35. Bg2 Bc8 36. Qd2 Kg7 37. Qd4 Qe5 38. Qxe5 Rxe5 39. Rd6 Ng4 40. Rd3 a5 41. Bf3 axb4 42. axb4 Nf6 43. Rd4 Be6 44. Red1 Ra8 45. R1d2 Ra3 46. Kg2 Rb3 47. Bd1 Rb1 48. Bc2 Ra1 49. Bd3 Rh5 50. Bc4 Bxc4 51. Rxc4 Rhh1 52. Kf3 Ra3 53. Rf4 Rb1 54. Kg2 Rba1 55. Rd6 Nh7 56. Rd7 Ng5 57. Rxb7 R1a2 58. Ng4 Ra7 59. Rxa7 Rxa7 60. Ne5 Ra6 61. Rd4 Ra7 62. Nxc6 1-0


[Site "https://www.chess.com"]